 Dungeon Crawl Stone Soup version 0.30.0-19-g36f170ea60 (webtiles) character file.

Game seed: 5086424204252470272

7340 Irreverend the Nimble (level 10, -7/30 HPs)
             Began as a Spriggan Earth Elementalist on June 2, 2023.
             Was a Believer of Sif Muna.
             Killed from afar by a wretched star (20 damage)
             ... with a lance of force
             ... on level 1 of the Abyss.
             The game lasted 00:25:33 (12812 turns).

Irreverend the Nimble (SpEE)                       Turns: 12812, Time: 00:25:34

Health: -7/30      AC:  9    Str:  0    XL:     10   Next: 91%
Magic:  17/17      EV: 21    Int: 29    God:    Sif Muna [**....]
Gold:   485        SH:  0    Dex: 12    Spells: 21/28 levels left

rFire   . . .        (weapon restricted)
rCold   . . .        (no shield)
rNeg    . . .        z - +1 steam dragon scales
rPois   .            (helmet restricted)
rElec   .            x - +2 cloak
rCorr   .            (gloves unavailable)
SInv    +            (boots unavailable)
Will    +....        (no amulet)
Stlth   ++           r - +6 ring of intelligence
HPRegen 0.00/turn    y - +6 ring of intelligence
MPRegen 0.15/turn

%: random rage (9%)
@: inhibited regen, slowed, lost strength, unable to drink, quick
A: very small, no large weapons, unfitting armour, see invisible, speed 3,
[berserk 2], [clumsy 2], [deterioration 2], [dopey 2], [frail 3], [low MP 3],
[screaming 2], [inhibited regeneration], [weak 2], [subdued magic 2], [inability
to drink after injury 2]
a: Renounce Religion, Channel Magic


You were on level 1 of the Abyss.
You worshipped Sif Muna.
Sif Muna was pleased with you.
You visited 2 branches of the dungeon, and saw 11 of its levels.
You visited the Abyss 1 time.

You collected 485 gold pieces.

Inventory:

Missiles
 v - 2 throwing nets
Armour
 a - a +0 robe
 x - a +2 cloak (worn)
 z - +1 steam dragon scales (worn)
Jewellery
 r - a +6 ring of intelligence (left hand)
 w - a ring of resist corrosion
 y - a +6 ring of intelligence (right hand)
 A - a ring of ice
 F - a ring of flight
 L - a +6 ring of intelligence
Wands
 I - a wand of charming (8)
 J - a wand of mindburst (12)
 K - a wand of polymorph (4)
Scrolls
 e - 3 scrolls of enchant armour
 f - 2 scrolls of noise
 h - a scroll of silence {unknown}
 i - 5 scrolls of teleportation
 k - 2 scrolls of fear
 l - a scroll of summoning {unknown}
 p - 4 scrolls of blinking
 q - 2 scrolls of vulnerability
 s - a scroll of magic mapping (quivered)
 C - a scroll of brand weapon {unknown}
 D - a scroll of immolation
Potions
 c - 3 potions of brilliance {unknown}
 g - 4 potions of curing
 j - 2 potions of might
 m - 3 potions of degeneration {unknown}
 n - 4 potions of lignification
 o - 3 potions of mutation {unknown}
 t - a potion of flight
 u - 2 potions of cancellation
 B - 2 potions of haste
 E - a potion of invisibility
 G - a potion of attraction
 H - a potion of heal wounds


   Skills:
 + Level 10.6 Dodging
 - Level 3.0 Stealth
 + Level 9.8 Spellcasting
 - Level 6.5 Conjurations
 - Level 2.8 Transmutations
 + Level 7.7 Earth Magic
 + Level 4.3 Invocations


You had 21 spell levels left.
You knew the following spells:

 Your Spells              Type           Power      Damage    Failure   Level
a - Sandblast             Erth           74%        2d16      1%          1
b - Stone Arrow           Conj/Erth      68%        3d11      1%          3
c - Hailstorm             Conj/Ice       20%        3d6       1%          3

Your spell library contained the following spells:

 Spells                   Type           Power      Damage    Failure   Level
 Freeze                   Ice            32%        1d5       1%          1
 Necrotise                Necr           32%        1d5       1%          1
 Momentum Strike          Conj/Tloc      40%        3d9       1%          2
 Passwall                 Tmut/Erth      23%        N/A       1%          2
 Petrify                  Tmut/Erth      28%        N/A       2%          4
 Lee's Rapid Deconstruct  Erth           18%        3d11*     2%          5
 Blink                    Tloc           16%        N/A       3%          2
 Ensorcelled Hibernation  Hex/Ice        16%        N/A       3%          2
 Lesser Beckoning         Tloc           16%        N/A       3%          2
 Spider Form              Tmut/Pois      14%        N/A       3%          3
 Fulminant Prism          Conj/Hex       10%        3d9       6%          4
 Iskenderun's Mystic Bla  Conj/Tloc      20%        2d6       6%          4
 Frozen Ramparts          Ice            16%        1d3       8%          3
 Vampiric Draining        Necr           8%         2d6       8%          3
 Volatile Blastmotes      Fire/Tloc      16%        2d11      8%          3
 Ice Form                 Ice/Tmut       14%        N/A       16%         4
 Anguish                  Hex/Necr       4%         N/A       28%         4
 Summon Ice Beast         Ice/Summ       8%         N/A       28%         4
 Agony                    Necr           8%         N/A       63%         5


Dungeon Overview and Level Annotations

Branches:
Dungeon (10/15)            Temple (1/1) D:6
   Lair: D:8-11         Orc: D:9-12

Altars:
Ashenzari
Cheibriados
Dithmenos
Fedhas
Gozag
Hepliaklqana
Kikubaaqudgha
Makhleb
Nemelex Xobeh
Okawaru
Qazlal
Ru
Sif Muna
Trog
Uskayaw
Vehumet
Wu Jian
Xom
Zin
The Shining One
Jiyva

Shops:
D:6 !

Annotations:
D:10 Erolcha


Innate Abilities, Weirdness & Mutations

You are very small and have problems with some larger weapons.
You are too small for most types of armour.
You have supernaturally acute eyesight. (SInv)
You cover ground extremely quickly. (Speed+++)
[You have an uncontrollable temper.]
[You are very clumsy. (Dex -4)]
[Your body often deteriorates upon taking damage.]
[You are very dopey. (Int -4)]
[You are extremely frail. (-30% HP)]
[Your magical capacity is extremely low. (-30% MP)]
[You frequently scream uncontrollably at your foes.]
[You do not regenerate when monsters are visible.]
[You are very weak. (Str -4)]
[Your spells are easier to cast, but less powerful.]
[You sometimes lose the ability to drink potions when taking damage.]


Message History

The wretched star pulses with an eldritch light!
You feel a little pissed off.
You feel extremely angry at everything!
The wretched star pulses with an eldritch light!
You feel less energetic.
You feel clumsy. x2
Casting: Sandblast (safe; 1% risk of failure)
Confirm with . or Enter, or press ? or * to list all spells.
Aiming: Sandblast (safe; 1% risk of failure)
Press: ? - help, Shift-Dir - straight line, f/p - wretched star
Aim: a wretched star (severely damaged, 84% to hit)
The blast of sand hits the wretched star.
The wretched star is severely damaged.
The wretched star pulses with an eldritch light!
You feel the urge to shout.
You feel a strong urge to scream.
Casting: Sandblast (safe; 1% risk of failure)
Confirm with . or Enter, or press ? or * to list all spells.
Aiming: Sandblast (safe; 1% risk of failure)
Press: ? - help, Shift-Dir - straight line, f/p - wretched star
Aim: a wretched star (severely damaged, 84% to hit)
The blast of sand hits the wretched star.
The wretched star is severely damaged.
The wretched star pulses with an eldritch light!
Your regeneration stops near monsters.
Casting: Sandblast (safe; 1% risk of failure)
Confirm with . or Enter, or press ? or * to list all spells.
Aiming: Sandblast (safe; 1% risk of failure)
Press: ? - help, Shift-Dir - straight line, f/p - wretched star
Aim: a wretched star (severely damaged, 84% to hit)
The blast of sand hits the wretched star.
The wretched star is severely damaged.
The wretched star glows turbulently.
The lance of force misses you.
Casting: Sandblast (safe; 1% risk of failure)
Confirm with . or Enter, or press ? or * to list all spells.
You don't have enough magic to cast this spell.
Magic courses through your body.
The wretched star glows turbulently.
The lance of force hits you!!
You feel threatened and lose the ability to drink potions!
Ouch! That really hurt!
You die...

#.# #.#
#.# #.#
#.# #.# #
#.# . .##
# #.# #
## .
.....#@#
# .
#*#.#.# #
# ##....#
#.#.###
.. ##....
.#..
##...
.##. ...
#..... #.
.#.# #.
#.##.#...
.# #*. ..
. #...#
... ..#
##..# .#
. # .


You could see a wretched star.

Vanquished Creatures
  2 two-headed ogres
  The ghost of AverageBear the Cleaver, a novice HOMo (D:8)
  Prince Ribbit (D:5)
  2 trolls
  2 slime creatures (D:8)
  5 yaks (D:9)
  Eustachio (D:5)
  3 steam dragons
  4 water moccasins
  6 orc warriors
  2 kobold brigands
  A gnoll sergeant (D:6)
  2 scorpions
  6 bullfrogs
  7 killer bees
  5 howler monkeys
  10 jellies
  4 hounds
  Crazy Yiuf (D:5)
  6 orc priests
  2 gnoll boudas
  A sleepcap (D:4)
  An iguana (D:5)
  9 orc wizards
  Robin (D:3)
  9 adders
  14 gnolls
  An ufetubus (Abyss:1)
  A worm (D:3)
  2 dart slugs
  26 orcs
  2 endoplasms
  3 giant cockroaches
  18 goblins
  15 hobgoblins
  2 quokkas
  5 ball pythons
  5 bats
  7 frilled lizards
  13 kobolds
  5 rats
213 creatures vanquished.

Notes
Turn   | Place    | Note
-------+----------+-------------------------------------------
     0 | D:1      | Irreverend the Spriggan Earth Elementalist began the quest
                  | for the Orb.
     0 | D:1      | Reached XP level 1. HP: 9/9 MP: 5/5
    79 | D:1      | Reached skill level 3 in Dodging
    79 | D:1      | Reached XP level 2. HP: 13/13 MP: 0/6
   856 | D:1      | Reached XP level 3. HP: 16/16 MP: 4/8
  1787 | D:3      | Reached XP level 4. HP: 21/21 MP: 6/10
  1924 | D:3      | Learned a level 3 spell: Stone Arrow
  2389 | D:3      | Reached skill level 4 in Dodging
  2630 | D:3      | Found a broken altar of Ashenzari.
  2700 | D:4      | Noticed Robin
  2905 | D:3      | Reached skill level 1 in Conjurations
  2905 | D:3      | Reached XP level 5. HP: 17/24 MP: 6/11
  2993 | D:3      | Killed Robin
  3667 | D:4      | Reached XP level 6. HP: 28/28 MP: 10/13
  4155 | D:5      | Entered Level 5 of the Dungeon
  4229 | D:5      | Found a bloodstained altar of Trog.
  4229 | D:5      | Found an ancient bone altar of Kikubaaqudgha.
  4257 | D:5      | Noticed Prince Ribbit
  4387 | D:5      | Killed Prince Ribbit
  4388 | D:5      | Reached skill level 5 in Dodging
  4388 | D:5      | Reached XP level 7. HP: 32/32 MP: 4/15
  4589 | D:5      | Noticed Eustachio
  4599 | D:5      | Killed Eustachio
  4600 | D:5      | Reached skill level 5 in Spellcasting
  5418 | D:5      | Found a runed translucent door.
  5419 | D:5      | Noticed Crazy Yiuf
  5597 | D:5      | Killed Crazy Yiuf
  5754 | D:6      | Reached skill level 6 in Dodging
  5979 | D:6      | Reached XP level 8. HP: 36/36 MP: 7/17
  6202 | D:6      | Found a staircase to the Ecumenical Temple.
  6246 | Temple   | Entered the Ecumenical Temple
  6401 | Temple   | Became a worshipper of Sif Muna the Loreminder
  6427 | D:6      | Noticed a +0 falchion
  6428 | D:6      | Noticed a +0 spear
  6428 | D:6      | Noticed a +0 short sword
  6429 | D:6      | Noticed a +0 spear
  6429 | D:6      | Noticed a +0 short sword
  6430 | D:6      | Noticed a +0 dagger
  6430 | D:6      | Noticed a +0 dagger
  6431 | D:6      | Noticed a +0 falchion
  6710 | D:6      | Reached skill level 5 in Earth Magic
  6868 | D:6      | Found Anujap's Distillery.
  7099 | D:6      | Found a hide-covered altar of Uskayaw.
  7148 | D:6      | Reached skill level 7 in Dodging
  7787 | D:7      | Noticed a troll
  7793 | D:7      | Killed a troll
  7794 | D:7      | Reached skill level 5 in Conjurations
  8044 | D:7      | Reached XP level 9. HP: 39/39 MP: 10/20
  8989 | D:8      | Noticed a two-headed ogre
  9004 | D:8      | Killed a two-headed ogre
  9005 | D:8      | Reached skill level 8 in Dodging
  9270 | D:8      | Reached * piety under Sif Muna
  9668 | D:8      | Found a runed translucent gate.
  9668 | D:8      | Found a runed translucent gate.
  9669 | D:8      | Found a runed translucent gate.
  9671 | D:8      | Noticed AverageBear's ghost (novice HOMo)
  9955 | D:8      | Found a viscous altar of Jiyva.
 10248 | D:8      | Killed AverageBear's ghost
 10249 | D:8      | Reached skill level 9 in Dodging
 10249 | D:8      | Reached skill level 1 in Invocations
 10249 | D:8      | Reached XP level 10. HP: 44/44 MP: 0/23
 10565 | D:8      | Identified the +0 ring mail of Courage {rPois rN+++ MP+9
                  | Int-3}
 10841 | D:9      | Identified the +5 falchion "Gomuc" {venom, Str+2 Int+2}
 10858 | D:9      | Reached ** piety under Sif Muna
 10986 | D:9      | Reached skill level 10 in Dodging
 11133 | D:9      | Noticed a two-headed ogre
 11149 | D:9      | Killed a two-headed ogre
 11790 | D:9      | Learned a level 3 spell: Hailstorm
 11890 | D:10     | Entered Level 10 of the Dungeon
 12170 | D:10     | Noticed Erolcha
 12501 | Abyss:1  | Cast into level 1 of the Abyss (Erolcha)
 12546 | Abyss:1  | Noticed a wretched star
 12559 | Abyss:1  | Noticed a smoke demon
 12585 | Abyss:1  | Noticed a worldbinder
 12773 | Abyss:1  | Noticed a wretched star
 12804 | Abyss:1  | Lost strength.
 12812 | Abyss:1  | Killed from afar by a wretched star

Illustrated notes

Levels and vault maps discovered:
D:1:      heliophobic_arrival_ceremonial_halls, layout_loops_cross,
          minmay_fountain_box, chequers_hall_statues_wall_a, chequers_jeans
D:2:      layout_basic
D:3:      layout_basic, lemuel_doored_altar
D:4:      layout_loops_cross, uniq_robin
D:5:      layout_loops_cross, chequers_temple_overflow_statue_of_worship,
          uniq_eustachio, uniq_crazy_yiuf_cottage, uniq_prince_ribbit1
D:6:      cheibrodos_steamvent, layout_layer_cave, nicolae_uskayaw_en_pointe,
          minmay_temple_entry_junction_2, corexii_checkpoint_a,
          nicolae_stop_n_shop_2
D:7:      layout_gridville, nicolae_benzene_ring
D:8:      layout_rooms, gammafunk_ghost_ooze
D:9:      layout_cave_pods, chequers_decorated_corner
D:10:     layout_stronghold, uniq_joseph, uniq_erica, uniq_erolcha, uniq_fannar
Temple:   mainiacjoe_temple_bowtie_tessellation
Abyss:1:  base:
D:2

Skill      XL: |  1  2  3  4  5  6  7  8  9 10 |
---------------+-------------------------------+-----
Dodging        | 3 4 5 6 7 9 10 | 10.6
Spellcasting   | 3 4 5 6 8 9 |  9.8
Transmutations | 2 |  2.8
Earth Magic    | 3 4 5 6 7 |  7.7
Conjurations   | 1 2 3 5 6 |  6.5
Invocations    | 1 4 |  4.3
Stealth        | |  3.0

Action                     |  1- 3 |  4- 6 |  7- 9 | 10-12 || total
---------------------------+-------+-------+-------+-------++-------
  Melee: Unarmed           |     8 |       |       |       ||     8
   Cast: Sandblast         |    53 |    88 |    35 |    48 ||   224
         Stone Arrow       |       |     7 |   119 |    43 ||   169
         Hailstorm         |       |       |       |     2 ||     2
    Use: Scroll            |       |       |       |    17 ||    17
         Potion            |       |       |       |     2 ||     2
 Armour: Robe              |       |     3 |       |       ||     3
         Steam dragon scal |       |       |     1 |     3 ||     4
  Dodge: Dodged            |    23 |    39 |    25 |    37 ||   124
